AoeStats
← Gen ALPHA RIZZLER 67

Arena

510128649Analyzed
1v1 RM · 23h ago on Sep 29, 2026· 56m 10s· 2 players
Game mode
Random Map
Map size
Tiny (2 player)
Population
200
Speed
Normal
Resources
Standard
Victory
Conquest
Starting age
Dark Age
Ending age
Imperial Age
RankedLock teamsTeams togetherTeam positionsShared explorationLock speedFull tech treeHidden civsTurbo modeCheats
Victory
Defeat
🇹🇷 Varangians · Türkiye
1220
+17
🇨🇴 Danes · Colombia
1241
-17
Gen ALPHA RIZZLER 67
5:05 Loom
11:32 Feudal Age
12:40 Double-Bit Axe
17:10 Castle Age
16:06 Horse Collar
18:30 Scale Barding Armor
18:36 Forging
23:50 Bow Saw
27:46 Wheelbarrow
26:56 Town Watch
31:47 Fletching
35:32 Imperial Age
33:59 Heavy Plow
34:29 Gold Mining
34:30 Stone Mining
35:56 Chain Barding Armor
36:11 Iron Casting
36:09 Bloodlines
36:00 Husbandry
37:04 Stone Shaft Mining
37:42 Plate Barding Armor
39:16 Blast Furnace
41:20 Elite Jarl
43:50 Two-Man Saw
43:51 Scale Mail Armor
43:20 Elite Varangian Guard
46:31 Heavy Scorpion
49:03 Conscription
48:20 Cavalier
50:27 Chemistry
49:13 Capped Ram
50:51 Ballistics
54:06 Vendel Legacy
55:56 Crop Rotation
Jarp_33
9:18 Feudal Age
10:07 Man-at-Arms
10:41 Horse Collar
10:54 Double-Bit Axe
19:51 Castle Age
19:02 Gold Mining
20:46 Forging
21:19 Scale Mail Armor
21:39 Squires
21:24 Gambesons
21:39 Crossbowman
25:12 Iron Casting
26:15 Wheelbarrow
27:20 Heavy Plow
27:51 Fletching
29:07 Bodkin Arrow
35:54 Imperial Age
34:11 Chain Mail Armor
34:01 Arson
34:56 Gold Shaft Mining
34:16 Loom
34:48 Hand Cart
35:26 Padded Archer Armor
36:21 Thumb Ring
36:04 Capped Ram
37:31 Ballistics
36:54 Elite Varangian Guard
38:37 Blast Furnace
38:07 Plate Mail Armor
38:10 Siege Ram
39:47 Bracer
40:18 Plate Mail Armor
47:59 Conscription
47:20 Heavy Scorpion
49:54 Chemistry
51:59 Elite Skirmisher
Connection lost

Rejoining the realm…

Still unreachable

The connection could not be restored.

Session expired

The server has moved on; the page needs a fresh start.